 Dungeon Crawl Stone Soup version 0.25-a0-306-g3faca94807 (webtiles) character file.

Game seed: 8224401681806751749, levelgen mode: deterministic

83 DerDa the Firebug (level 4, -2/27 HPs)
             Began as an Octopode Fire Elementalist on Dec 21, 2019.
             Slain by a gnoll
             ... wielding a +0 whip of electrocution
              (5 damage)
             ... on level 3 of the Dungeon.
             The game lasted 00:04:44 (1703 turns).

DerDa the Firebug (Octopode Fire Elementalist)      Turns: 1703, Time: 00:04:44

Health: -2/27      AC:  1    Str:  7    XL:     4   Next: 44%
Magic:  5/8        EV: 13    Int: 20    God:
Gold:   127        SH:  0    Dex: 12    Spells: 1/9 levels left

rFire    . . .     SeeInvis .   f - +0 short sword
rCold    . . .     Gourm    .   (no shield)
rNeg     . . .     Faith    .   (helmet restricted)
rPois    .         Spirit   .   (no amulet)
rElec    .         Reflect  .   h - +2 ring of intelligence
rCorr    .         Harm     .   (no ring)
MR       .....                  (no ring)
Stlth    +++.......             (no ring)
HPRegen  0.09/turn              (no ring)
MPRegen  0.11/turn              (no ring)
                                (no ring)
                                (no ring)

@: no status effects
A: almost no armour, stealthy swim, amphibious, 8 rings, constrict 8, camouflage
1, gelatinous body 1
a: no special abilities


You were on level 3 of the Dungeon.
You were hungry.

You visited 1 branch of the dungeon, and saw 3 of its levels.

You collected 127 gold pieces.

Inventory:

Hand Weapons
 f - a +0 short sword (weapon)
Missiles
 e - 53 stones (quivered)
Jewellery
 h - a +2 ring of intelligence (left tentacle)
 r - a cursed amulet of magic regeneration {unknown}
Scrolls
 a - 6 scrolls of identify {unknown}
 g - a scroll of enchant armour {unknown}
 i - a scroll of fear {unknown}
 j - 2 scrolls of enchant weapon {unknown}
 k - a scroll of immolation {unknown}
 n - a scroll of amnesia {unknown}
 o - a scroll of teleportation {unknown}
 p - a scroll of magic mapping {unknown}
Potions
 c - a potion of might {unknown}
 l - a potion of heal wounds {unknown}
 m - a potion of berserk rage {unknown}
 q - a potion of brilliance {unknown}
Comestibles
 b - 3 rations


   Skills:
 - Level 2.0 Dodging
 - Level 2.6 Stealth
 * Level 3.3 Spellcasting
 + Level 2.1 Conjurations
 + Level 3.6 Fire Magic


You had one spell level left.
You knew the following spells:

 Your Spells              Type           Power        Failure   Level  Hunger
a - Foxfire               Conj/Fire      ##..         4%          1    None
b - Conjure Flame         Conj/Fire      ##......     13%         3    ###....
c - Sticky Flame          Conj/Fire      ##......     38%         4    ####...

Your spell library contained the following spells:

 Spells                   Type           Power        Failure   Level  Hunger
 Corona                   Hex            #......      14%         1    None
 Inner Flame              Hex/Fire       ##......     21%         3    ###....
 Ensorcelled Hibernation  Hex/Ice        #.....       22%         2    ##.....
 Dazzling Flash           Conj/Hex       #.....       26%         3    ###....
 Confuse                  Hex            #.......     38%         3    ###....
 Tukima's Dance           Hex            #.......     38%         3    ###....
 Fireball                 Conj/Fire      ##........   75%         5    ######.


Dungeon Overview and Level Annotations

Branches:
Dungeon (3/15)

Altars:
Trog
The Shining One


Innate Abilities, Weirdness & Mutations

You cannot wear most types of armour.
You are very stealthy in the water. (Stealth+)
You are amphibious.
You can wear up to eight rings at the same time.
You can use your tentacles to constrict eight enemies at once.
Your skin changes colour to match your surroundings (Stealth+).
Your rubbery body absorbs attacks. (AC +1, EV +1)


Message History

The quokka twitches its whiskers.
Casting: Foxfire (safe; 4% risk of failure)
Confirm with . or Enter, or press ? or * to list all spells.
You conjure some foxfire!
The foxfire hits the gnoll.
The gnoll is lightly wounded.
The foxfire hits the gnoll.
The gnoll is moderately wounded.
The gnoll hits you with a +0 whip of electrocution.
You are electrocuted!!
Ouch! That really hurt!
* * * LOW HITPOINT WARNING * * *
The foxfire hits the gnoll.
The gnoll is severely wounded.
The foxfire hits the gnoll but does no damage.
The gnoll is severely wounded.
Casting: Foxfire (safe; 4% risk of failure)
Confirm with . or Enter, or press ? or * to list all spells.
You conjure some foxfire!
The gnoll hits you with a +0 whip of electrocution.
You die...

.........#
.....[...#
.........# #
.........#.#
.........#.#
...........
.........#
......v@ยง#
......vg.#
#######r##
######g######
#.)..gg.....#
#...........#.#
#.............#
#...........##
#...........#


You could see 4 gnolls and a quokka.

Vanquished Creatures
  3 gnolls (D:2)
  2 oozes (D:1)
  A dart slug (D:2)
  5 bats
  3 giant cockroaches
  10 hobgoblins
  3 jackals (D:1)
  2 frilled lizards (D:1)
  3 goblins
  4 kobolds
  8 rats
44 creatures vanquished.

Vanquished Creatures (others)
  90 foxfires
90 creatures vanquished.

Grand Total: 134 creatures vanquished

Notes
Turn   | Place    | Note
-------+----------+-------------------------------------------
     0 | D:1      | DerDa the Octopode Fire Elementalist began the quest for
                  | the Orb.
     0 | D:1      | Reached XP level 1. HP: 11/11 MP: 3/3
   476 | D:1      | Reached XP level 2. HP: 17/17 MP: 3/5
   657 | D:1      | Reached XP level 3. HP: 17/21 MP: 0/7
  1099 | D:2      | Found a bloodstained altar of Trog.
  1254 | D:2      | Reached XP level 4. HP: 27/27 MP: 3/8
  1304 | D:2      | Learned a level 3 spell: Conjure Flame
  1309 | D:2      | Learned a level 4 spell: Sticky Flame
  1608 | D:2      | Found a glowing golden altar of the Shining One.
  1703 | D:3      | Slain by a gnoll

Levels and vault maps discovered:
D:1:      minmay_arrival_widening_spiral_wide, layout_loops_cross,
          minmay_pentomino_p2
D:2:      layout_loops_cross, lemuel_round_altar, lemuel_coloured_pillars_altar
D:3:      layout_basic

Skill      XL: |  1  2  3 |
---------------+----------+-----
Spellcasting   | 3 |  3.3
Conjurations   | 2 |  2.1
Dodging        | |  2.0
Stealth        | |  2.6
Fire Magic     | |  3.6

Action                   |  1- 3 |  4- 6 || total
-------------------------+-------+-------++-------
Melee: Short sword       |    25 |    17 ||    42
       Constrict         |     9 |     4 ||    13
       Tentacles         |     5 |     1 ||     6
       Unarmed           |     1 |       ||     1
 Cast: Foxfire           |    43 |    13 ||    56
 Stab: Sleeping          |     1 |     1 ||     2
  Eat: Chunk             |     1 |     1 ||     2
Armor: Skin              |     1 |     2 ||     3
Dodge: Dodged            |    23 |    12 ||    35

Table legend:
 A = Non-vault XP
 B = Vault XP
 C = Vault XP percentage of total XP
 D = Non-vault monster count
 E = Vault monster count
 F = Vault count percentage of total count
                 A         B        C        D         E       F
            +---------+---------+-------+---------+---------+-------
      Total |     116 |       3 |   2.5 |      42 |       2 |   4.5
            +---------+---------+-------+---------+---------+-------
        D:1 |      48 |       3 |   5.9 |      24 |       2 |   7.7
        D:2 |      68 |       0 |   0.0 |      18 |       0 |   0.0
            +---------+---------+-------+---------+---------+-------
